 Dungeon Crawl Stone Soup version 0.21-a0-476-gd103f4b (webtiles) character file.

2640 Laiders the Basher (level 9, -5/72 (73) HPs)
             Began as a Minotaur Berserker on Nov 22, 2017.
             Was a Priest of Trog.
             Slain by a brown ugly thing (12 damage)
             ... on level 6 of the Dungeon.
             The game lasted 00:12:23 (4540 turns).

Laiders the Basher (Minotaur Berserker)             Turns: 4540, Time: 00:12:24

HP:   -5/72 (73)    AC:  6    Str: 24    XL:     9   Next: 35%
MP:   8/8           EV:  8    Int: 10    God:    Trog [***...]
Gold: 300           SH:  0    Dex: 10    Spells: 8/8 levels left

rFire    + . .     SeeInvis .   C - +2 mace (venom)
rCold    + . .     Gourm    .   (no shield)
rNeg     . . .     Faith    .   e - +1 plate armour
rPois    .         Spirit   .   (helmet restricted)
rElec    .         Reflect  .   q - scarf {rC+ rF+}
rCorr    .         Harm     .   a - +1 pair of gloves
MR       ++...                  n - +2 pair of boots
Stlth    ..........             o - amulet of regeneration
HPRegen  1.62/turn              w - ring of stealth
MPRegen  0.11/turn              (no ring)

@: brilliant, corroded, berserk cooldown, flying, regenerating, slowed, very
slow
A: retaliatory headbutt, horns 2
a: Berserk, Trog's Hand, Burn Spellbooks, Renounce Religion


You were on level 6 of the Dungeon.
You worshipped Trog.
Trog was most pleased with you.
You were very hungry.

You visited 1 branch of the dungeon, and saw 7 of its levels.

You collected 300 gold pieces.

Inventory:

Hand Weapons
 C - a +2 mace of venom (weapon)
Missiles
 r - a throwing net (quivered)
Armour
 a - a +1 pair of gloves (worn)
 e - a +1 plate armour (worn)
 m - a scarf of cloud immunity
 n - a +2 pair of boots (worn)
 q - a scarf of resistance (worn)
Jewellery
 o - an amulet of regeneration (around neck)
 w - a ring of stealth (left hand)
Scrolls
 b - a scroll of amnesia {unknown}
 h - a scroll of identify
 j - a scroll of enchant weapon {unknown}
 k - 2 scrolls of remove curse
 p - a scroll of immolation {unknown}
 s - a scroll of magic mapping {unknown}
 u - a scroll of blinking {unknown}
 y - a scroll of fog {unknown}
Potions
 d - a potion of degeneration {unknown}
 l - 5 potions of curing
 t - a potion of might {unknown}
 v - a potion of flight
 A - 2 potions of brilliance
Books
 x - a book of Air

   Spells                             Type                      Level
   a - Shock                          Conjuration/Air              1
   b - Swiftness                      Charms/Air                   2
   c - Static Discharge               Conjuration/Air              3
   d - Airstrike                      Air                          4
   e - Lightning Bolt                 Conjuration/Air              5
   Trog disapproves of the use of such an item.
 B - a book of Misfortune

   Spells                             Type                      Level
   a - Confusing Touch                Hexes                        1
   b - Confuse                        Hexes                        3
   c - Gell's Gravitas                Translocation                3
   d - Petrify                        Transmutation/Earth          4
   e - Metabolic Englaciation         Hexes/Ice                    5
   f - Yara's Violent Unravelling     Hexes/Transmutation          5
   Trog disapproves of the use of such an item.
Comestibles
 c - 6 bread rations
 f - 4 fruits
 g - 2 royal jellies
 i - 4 meat rations


   Skills:
 + Level 4.8 Fighting
 - Level 14.0 Maces & Flails
 + Level 4.0 Armour
 + Level 3.6 Dodging


You had 8 spell levels left.
You didn't know any spells.

Dungeon Overview and Level Annotations

Branches:
Dungeon (7/15)             Temple (0/1) D:4

Altars:
Ashenzari
Cheibriados
Nemelex Xobeh
Qazlal
Trog
Wu Jian
Xom
Yredelemnul


Innate Abilities, Weirdness & Mutations

You reflexively headbutt those who attack you in melee.
You have a pair of horns on your head.


Message History

* * * LOW HITPOINT WARNING * * *
The acid corrodes you!
You are splashed with acid!
The acid burns!
* * * LOW HITPOINT WARNING * * *
The brown ugly thing punches you but does no damage.
You climb upwards.
There is a stone staircase leading down here.
Okay, then.
It was a potion of brilliance.
You feel clever all of a sudden.
You feel the effects of Trog's Hand fading.
The brown ugly thing punches you!
* * * LOW HITPOINT WARNING * * *
You are splashed with acid!
The acid burns!
* * * LOW HITPOINT WARNING * * *
It was a potion of flight.
You feel very buoyant.
You fly up into the air.
The brown ugly thing punches you but does no damage.
The brown ugly thing punches you!
You die...

#..#.....##..# #.#...#
##### #..#.........#
#.#.### ....#
#..#.........#######.#....
....#
#..#####.#####.......#####
....# #...# #...#
#............. ....# #...#
##..# #........#####
..(.####...# #..#
#........# ...........#
#u(# #........#
.[.........# ##@#
########## .<.........#
#.# ....######## #.######
#.### #.#....# #.# ######
#.#....# #.# #....#
#.#....# #.# ##..[.#
#.#....#
#.####.....#####.#....#
...........#..........#


You could see a brown ugly thing.

Vanquished Creatures
  The ghost of torrenera the Cleaver, a novice HOFi of Qazlal (D:5)
  The ghost of Zeege the Chopper, an amateur MiFi (D:4)
  A hungry ghost (D:7)
  2 orc warriors (D:6)
  An ice beast (D:6)
  A necrophage (D:6)
  3 centaurs
  2 ogres
  2 bullfrogs
  A scorpion (D:6)
  3 wights (D:4)
  A howler monkey (D:6)
  2 crimson imps
  2 orc priests (D:6)
  A bullfrog skeleton (D:5)
  A hound (D:4)
  An iguana (D:4)
  6 orc wizards
  3 worker ants
  2 killer bee zombies
  4 gnolls (D:3)
  9 adders
  A shadow imp (D:6)
  An adder zombie (D:5)
  2 worms
  3 dart slugs
  A leopard gecko (D:1)
  22 orcs
  4 bats
  A giant cockroach (D:5)
  3 goblins
  A hobgoblin (D:1)
  4 jackals
  4 ball pythons
  4 frilled lizards
  A jackal skeleton (D:7)
  7 kobolds
  A leopard gecko zombie (D:7)
  10 rats
120 creatures vanquished.

Notes
Turn   | Place    | Note
-------+----------+-------------------------------------------
     0 | D:1      | Laiders the Minotaur Berserker began the quest for the Orb.
     0 | D:1      | Reached XP level 1. HP: 19/19 MP: 0/0
    90 | D:1      | Reached skill level 4 in Maces & Flails
   142 | D:1      | Reached XP level 2. HP: 21/26 MP: 1/1
   594 | D:1      | You fall through a shaft!
   604 | D:2      | Reached skill level 5 in Maces & Flails
  1087 | D:2      | Reached XP level 3. HP: 31/31 MP: 2/2
  1460 | D:3      | Found a bloodstained altar of Trog.
  1510 | D:3      | Reached ** piety under Trog
  1510 | D:3      | Reached skill level 6 in Maces & Flails
  1510 | D:3      | Reached XP level 4. HP: 39/39 MP: 3/3
  2159 | D:4      | Noticed Zeege's ghost (amateur MiFi)
  2183 | D:4      | Killed Zeege's ghost
  2183 | D:4      | Reached skill level 8 in Maces & Flails
  2183 | D:4      | Reached XP level 5. HP: 45/45 MP: 4/4
  2183 | D:4      | Reached XP level 6. HP: 51/51 MP: 5/5
  2274 | D:4      | Found a stormy altar of Qazlal.
  2296 | D:4      | Reached skill level 9 in Maces & Flails
  2299 | D:4      | Found a snail-covered altar of Cheibriados.
  2299 | D:4      | Found a basalt altar of Yredelemnul.
  2301 | D:4      | Found a shimmering altar of Xom.
  2387 | D:4      | Reached XP level 7. HP: 56/57 MP: 6/6
  2551 | D:4      | Found a staircase to the Ecumenical Temple.
  2613 | D:4      | Reached skill level 10 in Maces & Flails
  2673 | D:5      | Entered Level 5 of the Dungeon
  2866 | D:5      | Noticed torrenera's ghost (novice HOFi)
  2888 | D:5      | Killed torrenera's ghost
  2888 | D:5      | Reached skill level 12 in Maces & Flails
  2888 | D:5      | Reached XP level 8. HP: 64/64 MP: 7/7
  3338 | D:5      | Found an ornate altar of the Wu Jian Council.
  3563 | D:6      | Reached skill level 13 in Maces & Flails
  3753 | D:6      | Found a shattered altar of Ashenzari.
  3841 | D:6      | Reached *** piety under Trog
  3953 | D:6      | Reached XP level 9. HP: 70/70 MP: 8/8
  4050 | D:6      | Reached skill level 14 in Maces & Flails
  4167 | D:6      | Found a sparkling altar of Nemelex Xobeh.
  4506 | D:7      | Noticed a brown ugly thing
  4540 | D:6      | Slain by a brown ugly thing

Vault maps used:
D:1:      dpeg_arrival_erosion
D:2:      first_bread
D:3:      trog_three_pillars_becter
D:4:      chequers_temple_overflow_statue_of_worship,
          minmay_temple_entry_butterflies
D:5:      basic_altar
D:6:      nicolae_overflow_crystal_walls, nemelex_spade_bored_becter
D:7:      minmay_the_grid_octo_tiled_octocenter, grunt_livestock

Skill      XL: |  1  2  3  4  5  6  7  8  9 |
---------------+----------------------------+-----
Maces & Flails | 4 5 6 8 9 12 13 14 | 14.0
Fighting       | 4 |  4.8
Armour         | 4 |  4.0
Dodging        | 3 |  3.6

Action                   |  1- 3 |  4- 6 |  7- 9 || total
-------------------------+-------+-------+-------++-------
Melee: Mace              |    23 |       |    34 ||    57
       Headbutt          |     7 |    19 |    36 ||    62
       Whip              |    44 |    98 |   191 ||   333
Invok: Berserk           |     2 |     2 |     4 ||     8
       Trog's Hand       |       |     1 |     4 ||     5
  Use: Scroll            |     1 |     2 |     3 ||     6
       Potion            |       |       |     2 ||     2
  Eat: Chunk             |     3 |     6 |    12 ||    21
       Royal jelly       |       |       |     1 ||     1
Armor: Animal skin       |     4 |       |       ||     4
       Leather armour    |    15 |    10 |       ||    25
       Plate armour      |       |    41 |   117 ||   158
Dodge: Dodged            |    43 |    43 |    53 ||   139

Table legend:
 A = Spawn XP
 B = Non-spawn XP
 C = Spawn XP percentage of total XP
 D = Spawn monster count
 E = Non-spawn monster count
 F = Spawn count percentage of total count
 G = Total turns spent on level
                    A         B        C        D         E        F      G
               +---------+---------+-------+---------+---------+-------+---------
         Total |       0 |    3772 |   0.0 |       0 |     120 |   0.0 |  4540
               +---------+---------+-------+---------+---------+-------+---------
           D:1 |       0 |      24 |   0.0 |       0 |      15 |   0.0 |   747
           D:2 |       0 |      31 |   0.0 |       0 |      11 |   0.0 |   704
           D:3 |       0 |     132 |   0.0 |       0 |      28 |   0.0 |   720
           D:4 |       0 |     691 |   0.0 |       0 |      19 |   0.0 |   502
           D:5 |       0 |    1347 |   0.0 |       0 |      16 |   0.0 |   886
           D:6 |       0 |    1191 |   0.0 |       0 |      24 |   0.0 |   930
           D:7 |       0 |     356 |   0.0 |       0 |       7 |   0.0 |    51
               +---------+---------+-------+---------+---------+-------+---------
